 Dungeon Crawl Stone Soup version 0.29-a0-553-g81b289dbe5 (webtiles) character file.

Game seed: 17168190082084117070

6 thriggle the Slasher (level 1, 0/19 HPs)
             Began as a Barachi Monk on June 6, 2022.
             Slain by a kobold
             ... wielding a +0 short sword of electrocution
              (15 damage)
             ... on level 1 of the Dungeon.
             The game lasted 00:01:08 (492 turns).

thriggle the Slasher (Barachi Monk)                  Turns: 492, Time: 00:01:08

Health: 0/19       AC:  2    Str: 12    XL:     1   Next: 90%
Magic:  1/1        EV: 13    Int: 10    God:
Gold:   55         SH:  0    Dex: 14    Spells: 0/0 levels left

rFire   . . .      SeeInvis .   a - +0 falchion
rCold   . . .      Faith    +   (no shield)
rNeg    . . .      Spirit   .   b - +0 robe
rPois   .          Reflect  .   (no helmet)
rElec   .          Harm     .   (no cloak)
rCorr   .          Rampage  .   (no gloves)
Will    .....                   (no boots)
Stlth   ++........              d - amulet of faith
HPRegen 0.06/turn               (no ring)
MPRegen 0.07/turn               (no ring)

@: slow
A: amphibious, slowness 1, strong legs 1, +LOS
a: Hop


You were on level 1 of the Dungeon.
You visited 1 branch of the dungeon, and saw 1 of its levels.

You collected 55 gold pieces.

Inventory:

Hand Weapons
 a - a +0 falchion (weapon)
 e - a +0 hunting sling
Armour
 b - a +0 robe (worn)
Jewellery
 d - an amulet of faith (around neck)
Scrolls
 f - 2 scrolls of identify {unknown}
 h - a scroll of fear {unknown}
Potions
 c - a potion of ambrosia
 g - 2 potions of lignification {unknown}


   Skills:
 + Level 3.7 Fighting
 + Level 3.7 Long Blades
 + Level 0.3 Armour
 + Level 3.3 Dodging
 + Level 1.9 Stealth
 + Level 0.2 Spellcasting


You couldn't memorise any spells.
You didn't know any spells.
Your spell library was empty.

Dungeon Overview and Level Annotations

Branches:
Dungeon (1/15)

Altars:


Innate Abilities, Weirdness & Mutations

You are amphibious.
You cover ground slowly.
You can hop short distances.
You have an extended range of vision and can be seen from far away.


Message History

The giant cockroach bites you but does no damage.
You hit the giant cockroach.
You kill the giant cockroach!
Found a stone staircase leading down.
There is a stone staircase leading down here.
Found a stone staircase leading down.
Found a club.
Found 14 gold pieces.
You now have 21 gold pieces (gained 13).
g - 2 ruby potions
There is a stone staircase leading down here.
You see here a +0 club.
You now have 35 gold pieces (gained 14).
A bat comes into view.
You see here a scroll labelled XEPEDGHO USINYMACHI.
h - a scroll labelled XEPEDGHO USINYMACHI
Found 11 gold pieces.
The helpless bat fails to defend itself.
You slash the bat!
You kill the bat!
A hobgoblin comes into view.
Found 9 gold pieces.
Found a ring mail.
The hobgoblin shouts!
You hear a shout!
You see here 11 gold pieces.
You barely miss the hobgoblin. The hobgoblin hits you.
You hit the hobgoblin. Your punch misses the hobgoblin.
The hobgoblin is almost dead.
The hobgoblin barely misses you.
You hit the hobgoblin.
You kill the hobgoblin!
You now have 46 gold pieces (gained 11).
You see here a hobgoblin corpse.
A kobold comes into view.
It is wielding a +0 short sword of electrocution.
You see here 9 gold pieces.
You now have 55 gold pieces (gained 9).
The kobold hits you with a +0 short sword of electrocution.
You are electrocuted!
Ouch! That really hurt!
You die...

#.# #.# #.#.#
#.# #.# #.#.#
#^#
#.########.#.#
#.#
#..........#.#
#.#
############.#
#.# #.# #.#
#.######### #.#
#....@K...###
#.#
#######..†..#
#.#
#[###.########.#
#.# #†.........#
#.# #.##########
......# ###.###
#. .


You could see a kobold.

Vanquished Creatures
  A bat (D:1)
  An endoplasm (D:1)
  A giant cockroach (D:1)
  A hobgoblin (D:1)
  A ball python (D:1)
5 creatures vanquished.

Notes
Turn   | Place    | Note
-------+----------+-------------------------------------------
     0 | D:1      | thriggle the Barachi Monk began the quest for the Orb.
     0 | D:1      | Reached XP level 1. HP: 18/18 MP: 1/1
   492 | D:1      | Slain by a kobold

Illustrated notes

Levels and vault maps discovered:
D:1:      dpeg_arrival_court, layout_loops_ring

Action                   || total
-------------------------++-------
Melee: Falchion          ||    16
 Stab: Sleeping          ||     1
Armor: Robe              ||     3
Dodge: Dodged            ||    12

Table legend: (Time is in decaauts)
 A = Elapsed time spent in this place.
 B = Non-inter-level travel time spent in this place.
 C = Inter-level travel time spent in this place.
 D = Time resting spent in this place.
 E = Time spent auto-exploring this place.
 F = Levels seen in this place.
 G = Mean time per level.
                   A        B        C        D        E       F      G
               +--------+--------+--------+--------+--------+-----+--------+
         Total |    546 |    546 |      0 |    174 |    175 |   1 |  546.0 |
       Dungeon |    546 |    546 |      0 |    174 |    175 |   1 |  546.0 |
               +--------+--------+--------+--------+--------+-----+--------+

Top non-repeatable levels by time:
     D:1: 546 daAuts
